 Dungeon Sprint DCSS version 0.30.1-3-gfc49f6343a (webtiles) character file.

Game seed: 7152666058350338339

228 boopmooplesden the Blocker (level 6, -14/53 HPs)
             Began as a Formicid Fighter on Aug 8, 2023.
             Was an Initiate of Trog.
             Demolished by a two-headed ogre
             ... wielding a +0 giant spiked club
              (23 damage)
             ... in the Dungeon (Sprint IX: "|||||||||||||||||||||||||||||").
             The game lasted 00:01:15 (144 turns).

boopmooplesden the Blocker (Formicid Fighter)        Turns: 144, Time: 00:01:16

Health: -14/53     AC: 13    Str: 22    XL:     6   Next: 22%
Magic:  6/6        EV: 10    Int: 11    God:    Trog [......]
Gold:   0          SH:  6    Dex: 13    Spells: 5/5 levels left

rFire   . . .        j - +1 broad axe (heavy)
rCold   . . .        c - +0 buckler
rNeg    . . .        m - +1 chain mail
rPois   .            (helmet unavailable)
rElec   .            (no cloak)
rCorr   .            l - +0 pair of gloves
SInv    +            (no boots)
Will    .....        (no amulet) Stlth
                     n - +3 ring of intelligence
HPRegen 0.28/turn    o - +2 ring of evasion
MPRegen 0.10/turn

%: no passive effects
@: no status effects
A: permanent stasis, dig shafts and tunnels, antennae 3, four strong arms
a: Dig, Renounce Religion


You were in the Dungeon.
You worshipped Trog.
Trog was noncommittal.
You visited 1 branch

Inventory:

Hand Weapons
 a - a +0 war axe
 j - a +1 heavy broad axe (weapon)
 k - the +4 quarterstaff of Temperance {flame, rF- Will+++ Int-5 SInv}
   (You found it in the Dungeon)

   Int:       It affects your intelligence (-5).
   rF:        It makes you vulnerable to fire.
   SInv:      It lets you see invisible.
   Will:      It greatly increases your willpower.
Armour
 b - a +0 scale mail
 c - a +0 buckler (worn)
 l - a +0 pair of gloves (worn)
 m - a +1 chain mail (worn)
Jewellery
 n - a +3 ring of intelligence (left hand)
 o - a +2 ring of evasion (right hand)
Wands
 i - a wand of iceblast (10)
Scrolls
 h - 2 scrolls of blinking
Potions
 d - a potion of invisibility
 e - 5 potions of curing
 g - 4 potions of magic


   Skills:
 + Level 6.8 Fighting
 + Level 6.3 Axes
 + Level 8.1 Armour
 + Level 8.2 Shields


You had 5 spell levels left.
You didn't know any spells.
Your spell library was empty.

Dungeon Overview and Level Annotations

Branches:
Dungeon (1/1)

Altars:
Cheibriados
Dithmenos
Elyvilon
Fedhas
Gozag
Hepliaklqana
Kikubaaqudgha
Makhleb
Nemelex Xobeh
Okawaru
Qazlal
Ru
Sif Muna
Trog
Uskayaw
Vehumet
Wu Jian
Xom
Yredelemnul
Zin
The Shining One
Jiyva
Lugonu


Innate Abilities, Weirdness & Mutations

You cannot be hasted, slowed, berserked, paralysed or teleported.
You can dig through walls and to a lower floor.
You have a pair of large antennae on your head. (SInv)
Your four strong arms can wield two-handed weapons with a shield.


Message History

The shadow slips into darkness.
The shadow flickers and vanishes for a moment.
The acid dragon spits acid at you. The splash of acid hits you!!
* * * LOW HITPOINT WARNING * * *
The acid dragon barely misses you.
The acid dragon claws you but does no damage.
The yak snorts and paws the ground.
You feel much better. The acid dragon barely misses you.
The acid dragon claws you but does no damage.
You barely miss the acid dragon. The acid dragon bites you!
The acid dragon claws you but does no damage.
You block the acid dragon's attack. The acid dragon closely misses you.
You barely miss the acid dragon. The acid dragon spits acid at you.
The splash of acid hits you! The acid dragon barely misses you.
The acid dragon claws you.
* * * LOW HITPOINT WARNING * * *
You slice the acid dragon!!
You kill the acid dragon!
Trog accepts your kill.
The acid dragon scales are intact enough to wear.
The yak misses you.
Your Axes skill increases to level 6!
Your Armour skill gained 2 levels and is now at level 8!
Your Shields skill increases to level 8!
You have reached level 6!
You feel much better. The yak gores you.
You hit the yak but do no damage. You block the yak's attack.
The yak gores you.
You barely miss the yak. You block the yak's attack. x2
You slice the yak!!
The yak is almost dead.
The yak gores you. The yak gores you!
* * * LOW HITPOINT WARNING * * *
You slice the yak!!
You kill the yak!
Trog accepts your kill.
The two-headed ogre hits you with a +0 giant spiked club!!
You die...

{
▓.▓
{
▓?▓
{
▓)▓
{
▓.▓
{
▓[▓
{
▓.▓
{
▓.▓
{
▓.▓
▓@▓
▓O▓
▓y▓
▓c▓
▓.▓
▓W▓
▓.▓
▓.▓


You could see a two-headed ogre, a shadow (invisible), a centaur and a killer
bee.

Vanquished Creatures
  A yak (D)
  An acid dragon (D)
  4 hounds (D)
  A dart slug (D)
  An orc (D)
  A ball python (D)
  A hobgoblin (D)
  A kobold (D)
  A frilled lizard (D)
12 creatures vanquished.

Notes
Turn   | Place    | Note
-------+----------+-------------------------------------------
     0 | D        | boopmooplesden the Formicid Fighter began the quest for the
                  | Orb.
     0 | D        | Reached XP level 1. HP: 18/18 MP: 1/1
    10 | D        | Reached XP level 2. HP: 25/25 MP: 2/2
    31 | D        | Reached skill level 5 in Armour
    31 | D        | Reached skill level 5 in Shields
    31 | D        | Reached XP level 3. HP: 6/32 MP: 3/3
    39 | D        | Reached skill level 5 in Fighting
    39 | D        | Reached XP level 4. HP: 6/39 MP: 4/4
    45 | D        | Reached XP level 5. HP: 37/46 MP: 5/5
    46 | D        | Reached skill level 5 in Axes
    52 | D        | Found a snail-covered altar of Cheibriados.
    52 | D        | Found a shadowy altar of Dithmenos.
    52 | D        | Found a white marble altar of Elyvilon.
    52 | D        | Found a blossoming altar of Fedhas.
    52 | D        | Found an opulent altar of Gozag.
    53 | D        | Found a hazy altar of Hepliaklqana.
    54 | D        | Found a viscous altar of Jiyva.
    55 | D        | Found an ancient bone altar of Kikubaaqudgha.
    56 | D        | Found a corrupted altar of Lugonu.
    57 | D        | Found a burning altar of Makhleb.
    58 | D        | Found a sparkling altar of Nemelex Xobeh.
    59 | D        | Found an iron altar of Okawaru.
    60 | D        | Found a stormy altar of Qazlal.
    61 | D        | Found a sacrificial altar of Ru.
    62 | D        | Found a shimmering blue altar of Sif Muna.
    63 | D        | Found a bloodstained altar of Trog.
    64 | D        | Found a hide-covered altar of Uskayaw.
    65 | D        | Found a radiant altar of Vehumet.
    66 | D        | Found an ornate altar of the Wu Jian Council.
    67 | D        | Found a shimmering altar of Xom.
    68 | D        | Found a basalt altar of Yredelemnul.
    69 | D        | Found a glowing silver altar of Zin.
    70 | D        | Found a glowing golden altar of the Shining One.
    71 | D        | Became a worshipper of Trog the Wrathful
    89 | D        | Got the +4 quarterstaff of Temperance {flame, rF- Will+++
                  | Int-5 SInv}
   132 | D        | Noticed an acid dragon
   132 | D        | Noticed a yak
   132 | D        | Noticed a two-headed ogre
   132 | D        | Noticed a centaur
   132 | D        | Noticed a shadow
   139 | D        | Killed an acid dragon
   140 | D        | Reached XP level 6. HP: 16/53 MP: 6/6
   144 | D        | Killed a yak
   144 | D        | Demolished by a two-headed ogre

Illustrated notes

Levels and vault maps discovered:
D:        linesprint [early_d, line_temple, items_1, d_10, items_2, lair_1,
          lair_end, items_3, orc_1, orc_end, items_4, d_15, swamp_1, shoals_1,
          snake_1, spider_1, d_20, vaults_1, items_5, swamp_end, shoals_end,
          snake_end, spider_end, vaults_end, d_27, items_6, zot_1, zot_end,
          crypt_end, forest_end, elf_end, slime_end, tomb_end, abyss_end,
          pan_hell_end]

Skill      XL: |  1  2  3  4  5 |
---------------+----------------+-----
Fighting       | 4 5 6 |  6.8
Armour         | 5 6 8 |  8.1
Axes           | 3 4 6 |  6.3
Shields        | 5 6 8 |  8.2

Action                     |  1- 3 |  4- 6 || total
---------------------------+-------+-------++-------
  Melee: War axe           |    27 |     6 ||    33
         Broad axe         |       |    10 ||    10
    Use: Potion            |     1 |     3 ||     4
 Armour: Scale mail        |    25 |     2 ||    27
         Chain mail        |       |     7 ||     7
  Dodge: Dodged            |     5 |     8 ||    13
  Block: Buckler           |     6 |     9 ||    15
